 Dungeon Crawl Stone Soup version 0.18.1-47-g9310371 (console) character file.

70268 Kloppie the Bludgeoner (level 14, -1/199 HPs)
             Began as a Centaur Berserker on June 22, 2016.
             Was a High Priest of Trog.
             Killed by Olgreb's Toxic Radiance
             ... invoked by a naga ritualist
              (2 damage)
             ... on level 1 of the Snake Pit.
             The game lasted 00:50:49 (27214 turns).

Kloppie the Bludgeoner (Centaur Berserker)         Turns: 27214, Time: 00:50:49

Health: -1/199     AC: 22    Str: 25    XL:     14   Next: 93%
Magic:  0/14       EV: 15    Int:  6    God:    Trog [*****.]
Gold:   1606       SH:  0    Dex: 14    Spells: 0 memorised, 13 levels left

rFire  . . .     SeeInvis +     a - +1 dire flail (freeze)
rCold  . . .     Gourm    .     A - +4 chain mail {MR+}
rNeg   . . .     Faith    .     (shield currently unavailable)
rPois  .         Spirit   .     j - +2 helmet
rElec  .         Dismiss  .     (no cloak)
rCorr  .         Reflect  .     K - +3 pair of gauntlets of War {Slay+5}
SustAt .         Harm     .     (no barding)
MR     ++++.                    F - amulet of regeneration
Stlth  ..........               s - +6 ring of evasion
                                i - ring of see invisible

@: berserking, lethally poisoned (-1 -> -4), regenerating, very quick,
incredibly resistant to hostile enchantments, extremely unstealthy
A: hooves 3, deformed body, speed 2, tough skin 3
a: Berserk, Trog's Hand, Brothers in Arms, Burn Spellbooks, Renounce Religion


You were on level 1 of the Snake Pit.
You worshipped Trog.
Trog was extremely pleased with you.
You were not hungry.

You visited 4 branches of the dungeon, and saw 24 of its levels.

You collected 2124 gold pieces.
You spent 518 gold pieces at shops.

Inventory:

Hand Weapons
 a - a +1 dire flail of freezing (weapon)
 v - a +3 antimagic great mace
 C - a +1 flail of protection
Missiles
 E - 239 arrows
 N - 3 throwing nets (quivered)
Armour
 j - a +2 helmet (worn)
 A - a +4 chain mail of magic resistance (worn)
 K - the +3 pair of gauntlets of War (worn) {Slay+5}
   (You found it on level 11 of the Dungeon)

   It affects your accuracy and damage with ranged weapons and melee attacks
   (+5).
Jewellery
 d - an uncursed ring of flight
 i - a ring of see invisible (left hand)
 s - a +6 ring of evasion (right hand)
 F - an amulet of regeneration (around neck)
Wands
 q - a wand of flame (13/48)
 u - a wand of disintegration (9/24)
 B - a wand of confusion (29/48)
 I - a wand of teleportation (5/9)
Scrolls
 e - 5 scrolls of remove curse
 f - 3 scrolls of blinking
 h - 3 scrolls of fog
 p - 7 scrolls of teleportation
 t - 3 scrolls of recharging
 x - 3 scrolls of summoning
 y - 2 scrolls of enchant weapon
 J - 2 scrolls of enchant armour
 L - 4 scrolls of identify
Potions
 b - 4 potions of might
 g - 6 potions of curing
 k - 3 potions of haste
 l - 6 potions of heal wounds
 m - 3 potions of lignification
 r - 2 potions of flight
 z - 2 potions of resistance
 D - a potion of cure mutation
 H - a potion of brilliance
 O - a potion of invisibility
Comestibles
 c - 11 bread rations
 o - 11 beef jerkies
 w - 6 royal jellies
 G - 7 meat rations
 M - 7 chunks of flesh


   Skills:
 + Level 14.5 Fighting
 - Level 15.3 Maces & Flails
 - Level 9.5 Armour
 - Level 6.7 Dodging


You had 13 spell levels left.
You didn't know any spells.

Dungeon Overview and Level Annotations

Branches:
Dungeon (13/15)            Temple (0/1) D:4            Lair (8/8) D:8
 Shoals (0/4) Lair:6        Snake (1/4) Lair:6        Slime (0/6) Lair:8
    Orc (2/2) D:11            Elf (0/3) Orc:2        Vaults (0/5) D:13

Altars:
Ashenzari
Elyvilon
Kikubaaqudgha
Makhleb
Pakellas
Qazlal
Sif Muna
Trog
Vehumet
Xom
Zin
The Shining One
Beogh
Jiyva

Shops:
D:7 (   D:8 ?   Orc:1 :   Orc:2 ([[!

Annotations:
D:4 1 runed door
D:13 exclusion: orange crystal statue


Innate Abilities, Weirdness & Mutations

You have hooves in place of feet.
Armour fits poorly on your strangely shaped body.
You cover ground very quickly.
You have extremely tough skin (AC +3).


Message History

The mana viper bites you but does no damage. x2
A red film seems to cover your vision as you go berserk!
You feel yourself moving faster!
You feel mighty!
You feel somewhat more hungry.
You feel sick.
* * * LOW HITPOINT WARNING * * *
You are more poisoned.
The mana viper barely misses you.
The anaconda bites you but does no damage.
* * * LOW HITPOINT WARNING * * *
The anaconda constricts you. The mana viper completely misses you.
You miss the anaconda. You kick the anaconda.
You kill the anaconda!
Trog accepts your kill.
* * * LOW HITPOINT WARNING * * *
You feel sick. The mana viper bites you.
* * * LOW HITPOINT WARNING * * *
You are too berserk!
* * * LOW HITPOINT WARNING * * *
You feel sick.
You die...

,,,,,,,,,,,,**,,,,,,***,,**,,,,,,
,,,,,,,,*#.,##.....#....,,*,,,,,,
,,,,,,,,*#..#...........,,,,,,,,,
,,,,,,*,*#..#..............#..#**
**,,,**,,.....................#**
*,,,**,,,,...................,,,
*,,,**,**,,#................,,,,
*,,,**,**,,*#..N..........#,#***
**,,,**,**,,**#S@.###......#.#
,*,,,,,,**..###S...........#.##**
,,,,,,,,,..............)........#
,,,,,**,,.......................#
,,,,,**,,.....>...###...........#
,,,,,**,*#..#####.####.....#.##..
,,,,,**,*#..* **...........#.##.#
,,,,,**,*#.,***............#.##.#
,,,,,**,**,,**.............#.##.#


You could see a naga ritualist and 2 mana vipers.

Vanquished Creatures
  3 dire elephants (Lair:8)
  Josephine (D:11)
  4 vault guards (D:13)
  3 hydras
  Harold (D:11)
  A catoblepas (Lair:2)
  A centaur warrior (D:13)
  2 anacondas
  A tengu warrior (D:13)
  5 death yaks (Lair:2)
  Urug (Lair:4)
  Nergalle (Lair:4)
  An orc high priest (Orc:2)
  6 hill giants
  A deep elf mage (D:13)
  Pikel (D:8)
  2 mana vipers (Snake:1)
  3 orc knights
  3 griffons
  A manticore (D:13)
  A cyclops (D:13)
  3 ugly things
  An orc sorcerer (Orc:2)
  22 elephants
  5 black mambas
  11 spiny frogs
  A gargoyle (D:12)
  4 rime drakes
  2 komodo dragons
  The ghost of Howlingfantods the Sneak, a novice GrAs of Vehumet (D:5)
  A queen bee (D:9)
  4 trolls
  11 blink frogs
  A hornet zombie (D:13)
  A boulder beetle (Lair:6)
  A shadow (D:12)
  Sigmund (D:3)
  8 wyverns
  A vampire (D:11)
  9 wraiths
  A basilisk (Lair:5)
  21 yaks
  2 hungry ghosts
  6 hippogriffs
  The ghost of tschems the Magician, an amateur HuWz of Sif Muna (D:3)
  Menkaure (D:5)
  4 nagas
  2 wargs (Orc:2)
  A mottled dragon (D:12)
  11 water moccasins
  4 porcupines
  Duvessa (D:4)
  30 orc warriors
  4 black bears
  2 slaves (D:7)
  An ice beast (D:10)
  5 phantoms
  A sky beast (D:8)
  13 ogres
  23 wolves
  18 centaurs
  5 crocodiles
  A big kobold (D:11)
  17 giant frogs
  A wyvern zombie (D:13)
  Dowan (D:4)
  A troll zombie (D:9)
  3 scorpions
  19 killer bees
  A wight (D:9)
  An electric eel (D:13)
  11 crimson imps
  2 howler monkeys
  2 giant frog zombies (D:8)
  4 human zombies (D:9)
  4 jellies
  3 quasits
  6 hounds
  2 giant frog skeletons
  26 orc priests
  4 centaur skeletons
  8 iguanas
  17 orc wizards
  A human skeleton (D:9)
  6 worker ants
  An ogre zombie (D:9)
  18 sheep
  2 hound skeletons (D:4)
  A worker ant zombie (D:6)
  3 gnolls
  A howler monkey skeleton (D:11)
  9 adders
  24 river rats
  2 shadow imps
  2 oozes
  An adder skeleton (D:6)
  3 worms
  3 dart slugs (D:1)
  6 giant geckos
  90 orcs
  A ball python (D:2)
  7 giant cockroaches
  16 goblins
  7 hobgoblins
  14 jackals
  3 quokkas
  12 bats
  A giant gecko skeleton (D:8)
  2 giant newts
  15 kobolds
  10 rats
  4 plants (Lair:8)
687 creatures vanquished.

Vanquished Creatures (collateral kills)
  An orc knight (Orc:2)
  2 yaks (Lair:5)
  13 orc warriors (Orc:2)
  An orc (Orc:2)
17 creatures vanquished.

Vanquished Creatures (others)
  A centaur (D:8)
  A giant frog (D:13)
  12 fungi
  7 plants
21 creatures vanquished.

Grand Total: 725 creatures vanquished

Notes
Turn   | Place    | Note
--------------------------------------------------------------
     0 | D:1      | Kloppie the Centaur Berserker began the quest for the Orb.
     0 | D:1      | Reached XP level 1. HP: 19/19 MP: 1/1
    61 | D:1      | Reached skill level 3 in Maces & Flails
   102 | D:1      | Reached XP level 2. HP: 25/26 MP: 2/2
   573 | D:1      | Reached XP level 3. HP: 14/31 MP: 3/3
   776 | D:1      | Reached ** piety under Trog
   883 | D:1      | Reached skill level 4 in Maces & Flails
  1457 | D:2      | Reached XP level 4. HP: 26/38 MP: 4/4
  1777 | D:2      | Reached *** piety under Trog
  2521 | D:2      | Found a burning altar of Makhleb.
  2522 | D:2      | Found a shimmering altar of Xom.
  2737 | D:2      | Reached skill level 5 in Maces & Flails
  2737 | D:2      | Reached XP level 5. HP: 40/45 MP: 5/5
  2746 | D:2      | Found a glowing silver altar of Zin.
  2891 | D:3      | Noticed tschems's ghost (amateur HuWz)
  2903 | D:3      | Killed tschems's ghost
  2903 | D:3      | Reached skill level 6 in Maces & Flails
  3025 | D:3      | Reached XP level 6. HP: 51/51 MP: 6/6
  3053 | D:3      | Found a radiant altar of Vehumet.
  3057 | D:3      | Found a bloodstained altar of Trog.
  3062 | D:3      | Found a white marble altar of Elyvilon.
  3363 | D:3      | Noticed Sigmund
  3376 | D:3      | Killed Sigmund
  3376 | D:3      | Reached skill level 7 in Maces & Flails
  3425 | D:4      | You fall through a shaft!
  3425 | D:5      | Entered Level 5 of the Dungeon
  3485 | D:4      | Noticed Duvessa
  3485 | D:4      | Noticed Dowan
  3496 | D:4      | Killed Duvessa
  3496 | D:4      | Reached XP level 7. HP: 50/57 MP: 7/7
  3506 | D:4      | Killed Dowan
  3581 | D:4      | Found a glowing golden altar of the Shining One.
  3581 | D:4      | Found a runed door.
  3581 | D:4      | Noticed an angel
  3871 | D:4      | Reached skill level 8 in Maces & Flails
  4125 | D:4      | Found a staircase to the Ecumenical Temple.
  4260 | D:5      | Found a stormy altar of Qazlal.
  4407 | D:5      | Reached **** piety under Trog
  4499 | D:5      | Noticed Howlingfantods's ghost (novice GrAs)
  4529 | D:5      | Killed Howlingfantods's ghost
  4529 | D:5      | Reached skill level 9 in Maces & Flails
  4529 | D:5      | Reached XP level 8. HP: 12/63 MP: 8/8
  4916 | D:5      | Noticed Menkaure
  4922 | D:5      | Killed Menkaure
  4937 | D:5      | Gained mutation: Scrolls take you a little longer to read. [potion of mutation]
  4937 | D:5      | Gained mutation: Your spells are a little harder to cast, but a little more powerful. [potion of mutation]
  4937 | D:5      | Gained mutation: You expend magic power (3 MP) to strengthen your wands. [potion of mutation]
  4938 | D:5      | Gained mutation: Scrolls take you longer to read. [potion of mutation]
  4938 | D:5      | Lost mutation: Your spells are a little harder to cast, but a little more powerful. [potion of mutation]
  4938 | D:5      | Gained mutation: You are surrounded by a mild repulsion field (EV +2). [potion of mutation]
  5000 | D:5      | Reached skill level 10 in Maces & Flails
  5079 | D:5      | Lost mutation: Scrolls take you longer to read. [potion of cure mutation]
  5079 | D:5      | Lost mutation: Scrolls take you a little longer to read. [potion of cure mutation]
  5079 | D:5      | Lost mutation: You expend magic power (3 MP) to strengthen your wands. [potion of cure mutation]
  5079 | D:5      | Lost mutation: You are surrounded by a mild repulsion field (EV +2). [potion of cure mutation]
  5930 | D:6      | Reached skill level 11 in Maces & Flails
  5930 | D:6      | Reached XP level 9. HP: 44/69 MP: 9/9
  7030 | D:7      | Found Vugifie's Weapon Shop.
  8111 | D:7      | Reached skill level 12 in Maces & Flails
  8384 | D:7      | Found an oddly glowing altar of Pakellas.
  8521 | D:8      | Noticed Pikel
  9120 | D:8      | Killed Pikel
  9120 | D:8      | Reached skill level 5 in Fighting
  9314 | D:8      | Found a deep blue altar of Sif Muna.
  9355 | D:8      | Found Jusoppou's Magic Scroll Boutique.
  9367 | D:8      | Reached XP level 10. HP: 36/84 MP: 10/10
  9374 | D:8      | Bought a scroll of identify for 20 gold pieces
  9376 | D:8      | Bought a scroll of enchant weapon for 75 gold pieces
  9445 | D:8      | Found a staircase to the Lair.
 10045 | D:9      | Found a shattered altar of Ashenzari.
 10760 | D:9      | Found an ancient bone altar of Kikubaaqudgha.
 11296 | D:9      | Noticed a hill giant
 11311 | D:9      | Killed a hill giant
 11311 | D:9      | Reached skill level 10 in Fighting
 11929 | D:9      | Paralysed by fainting for 8 turns
 11999 | D:8      | Noticed a hill giant
 12613 | D:9      | Reached XP level 11. HP: 100/102 MP: 11/11
 12629 | D:10     | Entered Level 10 of the Dungeon
 13070 | D:10     | Noticed a hill giant
 13086 | D:10     | Killed a hill giant
 13289 | D:10     | Noticed a hill giant
 13300 | D:10     | Killed a hill giant
 13461 | D:11     | Noticed a green ugly thing
 13480 | D:11     | Killed a green ugly thing
 14453 | D:11     | Found a staircase to the Orcish Mines.
 14682 | D:11     | Noticed Josephine
 14700 | D:11     | Killed Josephine
 14700 | D:11     | Reached skill level 13 in Maces & Flails
 14891 | D:11     | Received a gift from Trog
 14953 | D:11     | Identified a scroll of acquirement
 15159 | D:11     | Noticed a purple ugly thing
 15160 | D:11     | Noticed Harold
 15183 | D:11     | Killed a purple ugly thing
 15198 | D:11     | Killed Harold
 15456 | D:8      | Killed a hill giant
 15456 | D:8      | Reached skill level 14 in Maces & Flails
 15464 | Lair:1   | Entered Level 1 of the Lair of Beasts
 15519 | Lair:1   | Reached XP level 12. HP: 106/112 MP: 12/12
 16304 | Lair:2   | Got a warped mace
 16305 | Lair:2   | Identified the +4 mace of Evvimes {flame, Str+4} (You found it on level 2 of the Lair of Beasts)
 16530 | Lair:3   | Noticed a death yak
 16532 | Lair:3   | Noticed a catoblepas
 16534 | Lair:3   | Noticed a death yak
 16534 | Lair:3   | Noticed a death yak
 16535 | Lair:3   | Noticed a death yak
 16672 | Lair:3   | Noticed a death yak
 16689 | Lair:2   | Killed a catoblepas
 16812 | Lair:2   | Killed a death yak
 16882 | Lair:2   | Killed a death yak
 16888 | Lair:2   | Killed a death yak
 16938 | Lair:2   | Killed a death yak
 16938 | Lair:2   | Reached skill level 5 in Dodging
 16941 | Lair:2   | Killed a death yak
 17907 | Lair:4   | Noticed Urug
 17924 | Lair:4   | Killed Urug
 17963 | Lair:4   | Noticed Nergalle
 18136 | Lair:4   | Killed Nergalle
 18136 | Lair:4   | Received a gift from Trog
 19087 | Lair:5   | Reached skill level 5 in Armour
 19104 | Lair:5   | Reached XP level 13. HP: 86/118 MP: 13/13
 20262 | Lair:6   | Found a staircase to the Shoals.
 20414 | Lair:6   | Reached ***** piety under Trog
 20448 | Lair:6   | Found a staircase to the Snake Pit.
 22903 | D:13     | Reached XP level 14. HP: 117/126 MP: 14/14
 23280 | D:13     | Found a gate to the Vaults.
 23371 | D:13     | Reached skill level 15 in Maces & Flails
 23375 | D:13     | Received a gift from Trog
 23751 | Orc:1    | Entered Level 1 of the Orcish Mines
 23961 | Orc:1    | Found Oweholoj's Book Shop.
 23996 | Orc:1    | Found a roughly hewn altar of Beogh.
 24123 | Orc:2    | Entered Level 2 of the Orcish Mines
 24262 | Orc:2    | Received a gift from Trog
 24282 | Orc:2    | Found Plog's Armour Emporium.
 24282 | Orc:2    | Found Jabbo's Antique Armour Shop.
 24291 | Orc:2    | Found Fiydaddy's Distillery.
 24293 | Orc:2    | Found Zuicane's Antique Weapon Shoppe.
 24567 | Orc:2    | Bought a steaming leather armour for 189 gold pieces
 24575 | Orc:2    | Bought a potion of invisibility for 104 gold pieces
 24575 | Orc:2    | Bought a potion of heal wounds for 65 gold pieces
 24575 | Orc:2    | Bought a potion of heal wounds for 65 gold pieces
 24990 | Orc:2    | Found a staircase to the Elven Halls.
 25237 | Orc:2    | Received a gift from Trog
 25311 | Orc:2    | Found a roughly hewn altar of Beogh.
 25574 | Lair:1   | Identified the +2 leather armour "Ufeoxtag" {rN+} (You bought it in a shop on level 2 of the Orcish Mines)
 25723 | Lair:8   | Entered Level 8 of the Lair of Beasts
 25962 | Lair:8   | Found a staircase to the Slime Pits.
 25962 | Lair:8   | Found a viscous altar of Jiyva.
 27015 | Lair:8   | Got an encrusted plate armour
 27035 | Lair:8   | Identified the +6 plate armour of the Known World {+Inv rC- rCorr Stlth+} (You found it on level 8 of the Lair of Beasts)
 27162 | Snake:1  | Entered Level 1 of the Snake Pit
 27212 | Snake:1  | HP: 8/199 [naga ritualist/Olgreb's Toxic Radiance (10)]
 27213 | Snake:1  | HP: 1/199 [mana viper (3)]
 27214 | Snake:1  | Killed from afar by a naga ritualist

Skill      XL: |  1  2  3  4  5  6  7  8  9 10 11 12 13 14 |
---------------+-------------------------------------------+-----
Maces & Flails | 3 4 5 6 7 9 11 12 14 15 | 15.3
Fighting       | 6 11 12 14 | 14.5
Dodging        | 6 |  6.7
Armour         | 5 9 |  9.5

Action                   |  1- 3 |  4- 6 |  7- 9 | 10-12 | 13-15 || total
-------------------------+-------+-------+-------+-------+-------++-------
Melee: Mace              |   145 |    55 |       |       |       ||   200
       Kick              |    23 |    27 |   134 |   424 |   379 ||   987
       Flail             |       |    83 |   494 |  1152 |    21 ||  1750
       Dire flail        |       |       |       |       |  1001 ||  1001
Invok: Berserk           |     2 |     3 |     4 |     8 |     2 ||    19
       Trog's Hand       |       |     2 |     7 |    21 |    11 ||    41
       Brothers in Arms  |       |       |       |       |     3 ||     3
Evoke: Wand              |       |       |       |     3 |       ||     3
  Use: Scroll            |       |       |    19 |    13 |     8 ||    40
       Potion            |       |       |     5 |     3 |       ||     8
  Eat: Chunk             |     3 |     8 |    16 |    29 |    23 ||    79
       Meat ration       |       |       |     2 |       |       ||     2
       Royal jelly       |       |       |       |     2 |     1 ||     3
       Bread ration      |       |       |       |     1 |       ||     1
       Pizza             |       |       |       |     1 |       ||     1
       Beef jerky        |       |       |       |     1 |       ||     1
       Fruit             |       |       |       |       |     1 ||     1
Armor: Ring mail         |    83 |    91 |   117 |   299 |       ||   590
       Animal skin       |     3 |       |       |       |       ||     3
       Scale mail        |       |       |    93 |   139 |       ||   232
       Chain mail        |       |       |       |   209 |   400 ||   609
Dodge: Dodged            |    84 |    62 |   201 |   431 |   487 ||  1265
